 Dungeon Crawl Stone Soup version 0.27-a0-380-g150de4c316 (webtiles) character file.

Game seed: 14256172052129505733

160 jestyr24 the Conjurer (level 5, -16/28 HPs)
             Began as a Deep Elf Conjurer on Feb 17, 2021.
             Killed from afar by an oklob plant (17 damage)
             ... with a splash of acid
             ... on level 3 of the Dungeon on Feb 18, 2021.
             The game lasted 00:16:31 (3426 turns).

jestyr24 the Conjurer (Deep Elf Conjurer)           Turns: 3426, Time: 00:16:31

Health: -16/28     AC:  2    Str:  4    XL:     5   Next: 17%
Magic:  6/12       EV: 12    Int: 24    God:
Gold:   92         SH:  3    Dex: 13    Spells: 8/11 levels left

rFire    . . .     SeeInvis +   q - +0 long sword (drain)
rCold    . . .     Faith    .   h - +0 buckler
rNeg     . . .     Spirit   .   a - +0 robe
rPois    .         Reflect  .   (no helmet)
rElec    .         Harm     .   (no cloak)
rCorr    .         Rampage  .   (no gloves)
Will     .....                  (no boots)
Stlth    ++........             (no amulet)
HPRegen  0.09/turn              b - ring of wizardry
MPRegen  0.13/turn              d - ring of see invisible

@: no status effects
A: no striking features
a: no special abilities


You were on level 3 of the Dungeon.
You visited 1 branch of the dungeon, and saw 3 of its levels.

You collected 92 gold pieces.

Inventory:

Hand Weapons
 g - a +0 hand crossbow
 q - a +0 long sword of draining (weapon)
Missiles
 k - 5 atropa-tipped darts
 o - 3 boomerangs (quivered)
 p - 5 javelins
Armour
 a - a +0 robe (worn)
 h - a +0 buckler (worn)
Jewellery
 b - a ring of wizardry (left hand)
 d - a ring of see invisible (right hand)
Scrolls
 c - 2 scrolls of noise {unknown}
 i - 7 scrolls of teleportation {unknown}
 m - 2 scrolls of identify {unknown}
Potions
 e - a potion of flight {unknown}
 f - 3 potions of curing {unknown}
 j - a potion of degeneration {unknown}
 l - a potion of attraction {unknown}
 n - a potion of haste {unknown}


   Skills:
 * Level 0.8 Fighting
 + Level 1.0 Throwing
 + Level 2.9 Dodging
 + Level 3.2 Stealth
 * Level 3.8 Spellcasting
 + Level 6.0 Conjurations


You had 8 spell levels left.
You knew the following spells:

 Your Spells              Type           Power        Failure   Level
a - Magic Dart            Conj           100%         1%          1
b - Searing Ray           Conj           66%          1%          2

Your spell library contained the following spells:

 Spells                   Type           Power        Failure   Level
 Dazzling Flash           Conj/Hex       38%          6%          3
 Animate Skeleton         Necr           8%           7%          1
 Apportation              Tloc           8%           7%          1
 Corona                   Hex            4%           7%          1
 Summon Small Mammal      Summ           16%          7%          1
 Fulminant Prism          Conj/Hex       9%           19%         4
 Iskenderun's Mystic Bla  Conj/Tloc      19%          19%         4


Dungeon Overview and Level Annotations

Branches:
Dungeon (3/15)

Altars:
Fedhas

Annotations:
D:3 2 transporters, exclusion: oklob plant, Tocho's ghost, amateur PaCj


Message History

The plant is lightly damaged.
Casting: Searing Ray (safe; 1% risk of failure)
Confirm with . or Enter, or press ? or * to list all spells.
Aiming: Searing Ray (safe; 1% risk of failure)
Press: ? - help, Shift-Dir - straight line, f - oklob plant
Aim: an oklob plant (0% to evade)
The searing ray hits the plant!
The plant is lightly damaged.
The searing ray hits the oklob plant.
The oklob plant is lightly damaged.
The searing ray hits the plant!
The plant begins to die.
The plant is lightly damaged. (Press . to maintain the ray.)
The searing ray hits the plant.
The plant is lightly damaged.
The searing ray hits the oklob plant!
The oklob plant is moderately damaged.
The searing ray hits the plant!
The plant is lightly damaged.
The searing ray hits the plant.
The plant is lightly damaged.
The searing ray hits the oklob plant.
The oklob plant is moderately damaged.
The searing ray hits the plant.
The plant is lightly damaged.
A nearby plant withers and dies.
The searing ray hits the oklob plant.
The oklob plant is moderately damaged.
The searing ray hits the plant.
The plant is lightly damaged.
You finish channeling your searing ray.
A nearby plant withers and dies.
The oklob plant spits acid at you. The splash of acid hits you!!
Ouch! That really hurt!
You are splashed with acid!
* * * LOW HITPOINT WARNING * * *
The oklob plant spits acid at you. The splash of acid hits you!
Ouch! That really hurt!
You die...

##PP#..≈≈≈≈≈≈≈≈≈..PPP##..........
#P♣#..≈≈≈≈≈≈≈≈≈≈≈.PPP####.......#
#PP♣P.≈≈≈≈...≈≈≈≈.PP#P# #.......#
#PPPP.≈≈≈≈._.≈≈≈≈.#PPP###.....#..
#.PP♣.≈≈≈≈...≈≈≈≈.#.PP#'......#..
#PP♣P.≈≈≈≈≈.≈≈≈≈≈.##PP####.......
#PPP...≈≈≈≈.≈≈≈≈...PPP#.##.......
##♣PPP..≈≈≈.≈≈≈..P#PPP#..........
#..P#P#..≈≈.≈≈..@♣PPP♣#..........
#P♣P♣P♣P.......♣#..PP.#.....##...
#PPP.##PPP..PPPPP.#..P#.....###..
#♣PP♣#P##PP##P♣P....#P#.....###..
#PPPP..PPPP♣PP#P♣P.PP.#..........


#PPPPP.PP##PPPPPP.P.♣ #...)...... #######################..........
#.#.....#.#.....###.#.......... #.#.....#.'......##............ You could see an
oklob plant.

Vanquished Creatures
  Natasha (thrice) (D:3)
  3 adders (D:2)
  An ooze (D:2)
  A worm (D:3)
  3 dart slugs (D:1)
  2 leopard geckos (D:2)
  3 giant cockroaches
  6 goblins
  2 hobgoblins
  2 quokkas
  A ball python (D:1)
  5 bats
  3 frilled lizards
  5 kobolds
  8 rats
48 creatures vanquished.

Vanquished Creatures (others)
  A fungus (D:3)
  4 plants (D:3)
5 creatures vanquished.

Grand Total: 53 creatures vanquished

Notes
Turn   | Place    | Note
-------+----------+-------------------------------------------
     0 | D:1      | jestyr24 the Deep Elf Conjurer began the quest for the Orb.
     0 | D:1      | Reached XP level 1. HP: 10/10 MP: 6/6
   460 | D:1      | Reached XP level 2. HP: 15/15 MP: 4/8
  1075 | D:1      | Learned a level 2 spell: Searing Ray
  1126 | D:2      | Reached skill level 5 in Conjurations
  1167 | D:2      | Reached XP level 3. HP: 19/19 MP: 5/9
  1935 | D:2      | Reached XP level 4. HP: 24/24 MP: 9/11
  2313 | D:3      | Found a transporter.
  2314 | D:3      | Found a transporter.
  2324 | D:3      | Noticed Tocho's ghost (amateur PaCj)
  2324 | D:3      | Identified the +6 great mace of Tiel {protect, Will+ Int+5}
  2324 | D:3      | Noticed an ogre
  2652 | D:3      | Found a blossoming altar of Fedhas.
  2663 | D:3      | Noticed an oklob plant
  2753 | D:3      | Noticed Natasha
  2758 | D:3      | Killed Natasha
  3059 | D:3      | Noticed Natasha
  3065 | D:3      | Killed Natasha
  3115 | D:3      | Noticed Natasha
  3120 | D:3      | Killed Natasha
  3121 | D:3      | Reached skill level 1 in Throwing
  3121 | D:3      | Reached skill level 6 in Conjurations
  3121 | D:3      | Reached XP level 5. HP: 28/28 MP: 5/12
  3425 | D:3      | HP: 1/28 [acid (9)]
  3426 | D:3      | Killed from afar by an oklob plant

Illustrated notes

Levels and vault maps discovered:
D:1:      dpeg_arrival_radiant, layout_basic, serial_glass, glass_columns_a,
          glass_columns_a, due_unseen_surprise, feat_on_display,
          item_on_display_a, feat_on_display
D:2:      layout_basic
D:3:      layout_basic, gammafunk_ghost_smash, tgw_fedhas, uniq_natasha

Skill      XL: |  1  2  3  4 |
---------------+-------------+-----
Conjurations   | 5 6 |  6.0
Stealth        | 3 |  3.2
Throwing       | 1 |  1.0
Fighting       | |  0.8
Dodging        | |  2.9
Spellcasting   | |  3.8

Action                   |  1- 3 |  4- 6 || total
-------------------------+-------+-------++-------
Melee: Mace              |     6 |       ||     6
       Long sword        |       |     3 ||     3
Throw: Boomerang         |       |    17 ||    17
 Cast: Magic Dart        |    52 |    20 ||    72
       Searing Ray       |     3 |     7 ||    10
Armor: Robe              |       |     1 ||     1
Dodge: Dodged            |     8 |     1 ||     9

Table legend: (Time is in decaauts)
 A = Elapsed time spent in this place.
 B = Non-inter-level travel time spent in this place.
 C = Inter-level travel time spent in this place.
 D = Time resting spent in this place.
 E = Time spent auto-exploring this place.
 F = Levels seen in this place.
 G = Mean time per level.
                   A        B        C        D        E       F      G
               +--------+--------+--------+--------+--------+-----+--------+
         Total |   3442 |   3344 |     98 |    383 |   2585 |   3 | 1147.3 |
       Dungeon |   3442 |   3344 |     98 |    383 |   2585 |   3 | 1147.3 |
               +--------+--------+--------+--------+--------+-----+--------+

Top non-repeatable levels by time:
     D:3: 1253 daAuts
     D:2: 1113 daAuts
     D:1: 1075 daAuts
